 Dungeon Crawl Stone Soup version 0.29-a0-664-gff9cad4a3d (webtiles) character file.

Game seed: 7209144739518576997

131 DocClef the Skirmisher (level 5, 0/30 HPs)
             Began as a Vine Stalker Fighter on June 22, 2022.
             Killed by nerve-wracking pain
             ... invoked by Grinder
              (7 damage)
             ... on level 3 of the Dungeon.
             The game lasted 00:02:22 (1970 turns).

DocClef the Skirmisher (Vine Stalker Fighter)       Turns: 1970, Time: 00:02:22

Health: 0/30       AC:  9    Str: 20    XL:     5   Next: 14%
Magic:  0/6        EV:  9    Int:  8    God:
Gold:   169        SH:  4    Dex: 14    Spells: 4/4 levels left

rFire   . . .      SeeInvis .   a - +0 flail
rCold   . . .      Faith    .   c - +0 buckler
rNeg    . . .      Spirit   +   b - +0 scale mail
rPois   .          Reflect  .   g - +0 helmet
rElec   .          Harm     .   (no cloak)
rCorr   +          Rampage  .   (no gloves)
Will    .....                   e - +1 pair of boots
Stlth   ..........              (no amulet)
HPRegen 0.90/turn               h - ring of resist corrosion
MPRegen 0.10/turn               (no ring)

@: no status effects
A: fangs 2, regeneration 1, magic shield, antimagic bite, no potion heal 2
a: no special abilities


You were on level 3 of the Dungeon.
You visited 1 branch of the dungeon, and saw 4 of its levels.

You collected 169 gold pieces.

Inventory:

Hand Weapons
 a - a +0 flail (weapon)
Armour
 b - a +0 scale mail (worn)
 c - a +0 buckler (worn)
 e - a +1 pair of boots (worn)
 g - a +0 helmet (worn)
Jewellery
 h - a ring of resist corrosion (left hand)
Wands
 f - a wand of digging (2)
Potions
 d - a potion of might
 i - a potion of resistance {unknown}
 j - 4 potions of brilliance
 k - a potion of cancellation {unknown}
 l - a potion of curing {unknown}
 m - a potion of ambrosia {unknown}


   Skills:
 + Level 5.2 Fighting
 - Level 1.7 Maces & Flails
 - Level 2.4 Armour
 - Level 2.6 Shields


You had 4 spell levels left.
You didn't know any spells.
Your spell library contained the following spells:

 Spells                   Type           Power      Damage    Failure   Level
 Necrotize                Necr           0%         1d4       86%         1
 Sandblast                Erth           0%         2d4       86%         1
 Passwall                 Tmut/Erth      0%         N/A       94%         2
 Stone Arrow              Conj/Erth      0%         3d7       99%         3
 Vampiric Draining        Necr           0%         2d6       99%         3
 Agony                    Necr           0%         N/A       100%        5


Dungeon Overview and Level Annotations

Branches:
Dungeon (4/15)
 Temple: D:4-7

Altars:

Shops:
D:1 [=(

Annotations:
D:3 Grinder


Innate Abilities, Weirdness & Mutations

You have extremely sharp teeth.
Your natural rate of healing is unusually fast.
When hurt, damage is shared between your health and your magic reserves.
Your bite disrupts and absorbs the magic of your enemies.
Potions cannot restore your health.


Message History

You barely miss Grinder. You bite Grinder.
Grinder's magic leaks into the air.
You drain her magic.
You feel invigorated.
Grinder is lightly wounded.
Grinder falters for a moment.
Grinder blinks!
Grinder hits you.
You writhe in agony.
You closely miss Grinder. You bite Grinder, but do no damage.
Grinder's magic is no longer disrupted.
Grinder closely misses you.
You sock Grinder! Your bite misses Grinder.
Grinder is moderately wounded.
Grinder gestures at you. Pain shoots through your body!
You hit Grinder but do no damage.
Grinder is moderately wounded.
Grinder hits you but does no damage. Grinder hits you.
You writhe in agony.
You hit Grinder.
Grinder is moderately wounded.
Grinder hits you.
* * * LOW HITPOINT WARNING * * *
You hit Grinder. Your bite misses Grinder.
Grinder is heavily wounded.
Grinder says, "There's only one good use for a tongue: cutting it out."
You block Grinder's attack.
Unknown command.
You barely miss Grinder.
Grinder is heavily wounded.
Grinder gestures at you. You resist with some effort. Grinder hits you.
* * * LOW HITPOINT WARNING * * *
You writhe in agony.
* * * LOW HITPOINT WARNING * * *
You closely miss Grinder. You bite Grinder.
Grinder's magic leaks into the air.
You drain her magic.
You feel invigorated.
Grinder is heavily wounded.
Grinder's magic is no longer disrupted.
Grinder closely misses you.
Unknown command.
You hit Grinder.
Grinder is heavily wounded.
Grinder gestures at you. Pain shoots through your body!
You die...

#..........#
#..........#
#..........#
#..........#
########.########
................
#############.#.....##
......................
##..5@.###........#
#.....# #.)......#
#.....# #....#####
####### #....# #....#
#....# #....# #....#
#....#


You could see Grinder.

Vanquished Creatures
  Ijyb (D:3)
  Robin (D:3)
  4 adders (D:2)
  3 dart slugs
  2 bats
  4 endoplasms
  2 giant cockroaches (D:1)
  9 goblins
  6 hobgoblins
  7 jackals (D:1)
  2 quokkas (D:2)
  3 ball pythons
  4 frilled lizards
  2 kobolds (D:2)
  A rat (D:2)
51 creatures vanquished.

Notes
Turn   | Place    | Note
-------+----------+-------------------------------------------
     0 | D:1      | DocClef the Vine Stalker Fighter began the quest for the
                  | Orb.
     0 | D:1      | Reached XP level 1. HP: 11/11 MP: 2/2
    12 | D:1      | Found Unumu's Jewellery Shop.
   103 | D:1      | Found Xiratsukh's Weapon Shoppe.
   187 | D:1      | Reached skill level 3 in Fighting
   201 | D:1      | Found Syepn's Armour Shop.
   218 | D:1      | Reached XP level 2. HP: 16/16 MP: 3/3
   714 | D:1      | Found a faded altar of an unknown god.
   787 | D:1      | Reached XP level 3. HP: 21/21 MP: 4/4
  1050 | D:2      | Reached skill level 4 in Fighting
  1263 | D:2      | Gained mutation: Your natural rate of healing is unusually
                  | fast. [Vine Stalker growth]
  1263 | D:2      | Reached XP level 4. HP: 10/26 MP: 5/5
  1837 | D:3      | Noticed Robin
  1893 | D:3      | Killed Robin
  1912 | D:3      | Noticed Ijyb
  1931 | D:3      | Killed Ijyb
  1932 | D:3      | Reached skill level 5 in Fighting
  1932 | D:3      | Reached XP level 5. HP: 27/30 MP: 3/6
  1956 | D:3      | Noticed Grinder
  1970 | D:3      | Killed from afar by Grinder

Illustrated notes

Levels and vault maps discovered:
D:1:      psy_arrival_whirlpool, layout_loops_cross, serial_shops,
          nicolae_shop_waterfront, shop, shop,
          shapermc_ecumenical_altar_mp_highgroup, amcnicky_mini_pool_small,
          st_stairs_13, nicolae_concentric_dashed_squares_mild,
          kennysheep_minor_cross
D:2:      minmay_diamond_boxcup, layout_loops_cross
D:3:      minmay_angry_zag, layout_basic, lemuel_doored_altar, uniq_jessica,
          uniq_terence, uniq_robin, uniq_ijyb, uniq_grinder
D:4:      layout_basic, pdpol_temple_overflow_zin_treasury_gozag_greed,
          minmay_misc_feat_secret_circle, hangedman_minor_gate_pass, uniq_edmund

Skill      XL: |  1  2  3  4 |
---------------+-------------+-----
Fighting       | 3 4 5 |  5.2
Maces & Flails | |  1.7
Armour         | |  2.4
Shields        | |  2.6

Action                   |  1- 3 |  4- 6 || total
-------------------------+-------+-------++-------
Melee: Flail             |    88 |    75 ||   163
       Bite              |    14 |    13 ||    27
  Use: Scroll            |     3 |     3 ||     6
       Potion            |     2 |       ||     2
Armor: Scale mail        |    51 |    40 ||    91
Dodge: Dodged            |    61 |    22 ||    83
Block: Buckler           |    27 |    23 ||    50

Table legend: (Time is in decaauts)
 A = Elapsed time spent in this place.
 B = Non-inter-level travel time spent in this place.
 C = Inter-level travel time spent in this place.
 D = Time resting spent in this place.
 E = Time spent auto-exploring this place.
 F = Levels seen in this place.
 G = Mean time per level.
                   A        B        C        D        E       F      G
               +--------+--------+--------+--------+--------+-----+--------+
         Total |   2032 |   1945 |     87 |     28 |   1509 |   4 |  508.0 |
       Dungeon |   2032 |   1945 |     87 |     28 |   1509 |   4 |  508.0 |
               +--------+--------+--------+--------+--------+-----+--------+

Top non-repeatable levels by time:
     D:1: 964 daAuts
     D:2: 910 daAuts
     D:3: 114 daAuts
     D:4: 43 daAuts
